 Dungeon Crawl Stone Soup version 0.26.1-11-gd32895ea62 (webtiles) character file.

Game seed: 13170393798213509942

136616 vvl the Lord of Darkness (level 16, -6/124 HPs)
             Began as a Demonspawn Monk on June 4, 2021.
             Was the Champion of Kikubaaqudgha.
             Mangled by a spriggan rider
             ... wielding a +0 spear
              (18 damage)
             ... on level 4 of the Swamp on June 7, 2021.
             The game lasted 03:28:13 (44862 turns).

vvl the Lord of Darkness (Demonspawn Monk)         Turns: 44862, Time: 03:28:14

Health: -6/124     AC: 15    Str: 16    XL:     16   Next: 67%
Magic:  0/35       EV: 20    Int: 14    God:    Kikubaaqudgha [******]
Gold:   773        SH: 12    Dex: 16    Spells: 4/29 levels left

rFire    + . .     SeeInvis .   a - +4 scimitar (flame)
rCold    . . .     Faith    .   J - +0 buckler
rNeg     . . .     Spirit   +   V - +5 scale mail {rPois}
rPois    +         Reflect  .   (helmet unavailable)
rElec    .         Harm     .   w - scarf {+Inv}
rCorr    .         Rampage  .   (no gloves)
Will     +....                  Q - +0 pair of boots
Stlth    +.........             m - amulet of guardian spirit
HPRegen  0.30/turn              g - +4 ring of evasion
MPRegen  0.24/turn              u - ring of magical power

@: studying Evocations, very slow
A: horns 3, large bone plates 2, demonic guardian 1, fire resistance 1, spiny 2
a: Renounce Religion, Evoke Invisibility, Receive Corpses, Torment, Brand Weapon
With Pain, Receive Necronomicon


You were on level 4 of the Swamp.
You worshipped Kikubaaqudgha.
Kikubaaqudgha was exalted by your worship.
You visited 7 branches of the dungeon, and saw 30 of its levels.

You collected 2817 gold pieces.
You spent 2044 gold pieces at shops.

Inventory:

Hand Weapons
 a - a +4 scimitar of flaming (weapon)
 Y - a +7 spectral long sword
Missiles
 k - 11 javelins (quivered)
Armour
 s - the +1 chain mail of Impermeability {Int+4}
   (You found it on level 1 of the Depths)

   It affects your intelligence (+4).
 t - +0 fire dragon scales
 w - a scarf of invisibility (worn)
 J - a +0 buckler (worn)
 K - a +0 tower shield
 Q - a +0 pair of boots (worn)
 S - a +4 plate armour of cold resistance
 T - a +4 plate armour of willpower
 V - a +5 scale mail of poison resistance (worn)
Jewellery
 f - an uncursed ring of willpower
 g - a +4 ring of evasion (left hand)
 m - an amulet of guardian spirit (around neck)
 u - a ring of magical power (right hand)
Wands
 q - a wand of acid (8)
 z - a wand of iceblast (10)
 C - a wand of flame (24)
 H - a wand of polymorph (12)
 L - a wand of digging (10)
 M - a wand of enslavement (31)
 X - a wand of disintegration (9)
Scrolls
 c - 7 scrolls of immolation
 e - a scroll of enchant weapon
 h - 2 scrolls of vulnerability
 i - 14 scrolls of teleportation
 j - 6 scrolls of remove curse
 l - a scroll of holy word
 D - a scroll of blinking
 F - 3 scrolls of enchant armour
 G - 3 scrolls of amnesia
 Z - 4 scrolls of summoning
Potions
 b - 3 potions of magic
 d - 3 potions of resistance
 n - 5 potions of attraction
 o - 3 potions of haste
 p - 3 potions of curing
 v - a potion of berserk rage
 x - 2 potions of invisibility
 A - 2 potions of brilliance {unknown}
 E - 2 potions of lignification {unknown}
 N - 2 potions of flight {unknown}
 O - 3 potions of might
 P - 2 potions of mutation {unknown}
Books
 I - a manual of Evocations
Miscellaneous
 B - a tin of tremorstones (2/2)
 W - a lightning rod (4/4)


   Skills:
 + Level 10.9 Fighting
 * Level 12.6 Long Blades
 + Level 9.5 Armour
 + Level 10.0 Dodging
 - Level 1.7 Stealth
 + Level 8.6 Shields
 + Level 7.2 Spellcasting
 * Level 14.2 Necromancy
 + Level 7.1 Earth Magic
 - Level 12.0 Evocations


You had 4 spell levels left.
You knew the following spells:

 Your Spells              Type           Power        Failure   Level
a - Pain                  Necr           100%         1%          1
b - Borgnjor's Vile Clut  Necr/Erth      17%          14%         5
c - Vampiric Draining     Necr           22%          1%          3
d - Animate Dead          Necr           22%          1%          4
e - Sublimation of Blood  Necr           22%          1%          2
f - Dispel Undead         Necr           44%          1%          4
g - Death Channel         Necr           22%          19%         6

Your spell library contained the following spells:

 Spells                   Type           Power        Failure   Level
 Sandblast                Erth           50%          1%          1
 Corpse Rot               Necr/Air       N/A          3%          2
 Passwall                 Tmut/Erth      12%          14%         2
 Stone Arrow              Conj/Erth      30%          28%         3
 Foxfire                  Conj/Fire      20%          38%         1
 Summon Small Mammal      Summ           20%          38%         1
 Call Imp                 Summ           5%           52%         2
 Petrify                  Tmut/Erth      15%          67%         4
 Call Canine Familiar     Summ           5%           77%         3
 Conjure Flame            Conj/Fire      5%           77%         3
 Inner Flame              Hex/Fire       5%           77%         3
 Summon Guardian Golem    Hex/Summ       5%           77%         3
 Sticky Flame             Conj/Fire      5%           99%         4
 Summon Ice Beast         Ice/Summ       5%           99%         4
 Summon Lightning Spire   Summ/Air       5%           99%         4
 Agony                    Necr           44%          3%          5
 Excruciating Wounds      Necr           22%          3%          5
 Lee's Rapid Deconstruct  Erth           12%          50%         5
 Fireball                 Conj/Fire      2%           100%        5
 Summon Forest            Summ/Tloc      2%           100%        5
 Eringya's Noxious Bog    Tmut/Pois      2%           100%        6
 Hydra Form               Tmut           2%           100%        6
 Summon Hydra             Summ           2%           100%        7


Dungeon Overview and Level Annotations

Branches:
Dungeon (15/15)            Temple (1/1) D:6            Lair (6/6) D:8
  Swamp (4/4) Lair:4       Spider (0/4) Lair:4        Slime (1/5) Lair:6
    Orc (2/2) D:10            Elf (0/3) Orc:2        Vaults (0/5) D:13
 Depths (1/5) D:15

Altars:
Ashenzari
Cheibriados
Dithmenos
Elyvilon
Fedhas
Gozag
Hepliaklqana
Kikubaaqudgha
Makhleb
Nemelex Xobeh
Okawaru
Qazlal
Ru
Sif Muna
Trog
Uskayaw
Vehumet
Wu Jian
Xom
Yredelemnul
Zin
The Shining One

Shops:
D:5 =   D:7 *   D:8 :   D:10 ?   D:11 [   D:12 [:[(*   D:13 (   D:15 (
Orc:2 (=(*

Annotations:
D:13 1 runed translucent door
Swamp:4 Kirke; Lernaean hydra
Orc:1 2 transporters, Nuexen's ghost, journeyman GnFi


Innate Abilities, Weirdness & Mutations

You have a pair of large horns on your head.
You are mostly covered in large bone plates. (SH +6)
A weak demonic guardian rushes to your aid.
Your flesh is heat resistant. (rF+)
You are mostly covered in sharp spines.


Message History

The spriggan rider is splashed with acid.
The spriggan rider is heavily wounded.
You are standing in a thunderstorm.
You are struck by lightning!
* * * LOW HITPOINT WARNING * * *
You hear an angry squeal. x2; You hear a roar! x2; You hear a crashing sound.
Your Dodging skill increases to level 10!
Aiming: Iceblast
Press: ? - help, Shift-Dir - straight line The mass of ice explodes!
The iceblast engulfs the swamp worm!!!
You kill the swamp worm!
Kikubaaqudgha accepts your kill.
The iceblast engulfs the spriggan rider!
The spriggan rider is severely wounded.
You are standing in a thunderstorm.
You are struck by lightning!
* * * LOW HITPOINT WARNING * * *
You hear a deafening roar!
You hear a roar!
You hear a crashing sound.
You feel better.
The spriggan rider hits you from afar with a +0 spear!!
You die...
Kikubaaqudgha rasps: "You have failed me!
Welcome... death!"

≈
♣♣.≈≈≈......
≈≈
♣♣.≈≈≈...≈≈≈
≈≈≈♣.≈≈≈≈≈.(≈
≈≈..≈≈≈≈≈≈..
♣.≈≈§≈.≈♣
♣.≈.w≈♣ ♣)♣♣♣
♣≈§≈♣♣ ♣≈i[@♣
♣≈≈≈§♣♣
♣♣≈≈≈≈≈♣♣♣
♣.....≈≈≈♣
♣♣♣♣♣♣≈≈.♣♣♣
♣.≈.≈≈♣
♣♣♣≈<.♣
♣♣♣♣≈♣ ♣♣


You could see a spriggan rider.

Vanquished Creatures
  Bai Suzhen (Swamp:4)
  Jorgrun (Orc:2)
  Rupert (D:13)
  2 thorn hunters
  The ghost of vvl the Grappler, a journeyman TrFi of Xom (D:14)
  3 bunyips
  A dire elephant (D:15)
  An ettin (Depths:1)
  2 eleionomae
  4 vault guards (D:13)
  15 hydras
  A boulder beetle (Lair:3)
  A catoblepas (D:15)
  5 centaur warriors
  12 alligators
  Erica (D:10)
  2 two-headed ogres
  An ogre mage (D:15)
  4 death yaks
  A death knight (D:15)
  A tengu warrior (D:15)
  3 orc high priests (Orc:2)
  The ghost of Tirrikindir the Cleaver, a novice OpFi of Gozag (D:11)
  2 skeletal warriors (D:15)
  A fire crab (Lair:6)
  An iron troll (Lair:6)
  A death drake (shapeshifter) (Depths:1)
  5 swamp dragons
  5 goliath frogs
  4 unseen horrors
  A wizard (D:13)
  3 spriggan druids
  5 bog bodies
  5 orc knights
  3 lindwurms
  A deep elf archer (D:13)
  9 ugly things
  2 orc sorcerers (Orc:2)
  3 cyclopes
  A wolf spider (D:15)
  2 oklob plants (Lair:4)
  A deep elf mage (D:15)
  2 will-o-the-wisps
  An elephant (Lair:1)
  Psyche (D:9)
  4 black mambas
  20 cane toads
  3 gargoyles
  Maggie (Lair:1)
  4 yaktaurs
  2 rime drakes
  9 komodo dragons
  A freezing wraith (D:15)
  2 trolls
  A wind drake (shapeshifter) (D:14)
  10 hornets
  A polar bear (Lair:3)
  A jumping spider (Lair:4)
  Grinder (D:4)
  11 tyrant leeches
  25 blink frogs
  A meliai zombie (D:14)
  6 dream sheep
  10 slime creatures
  A centaur simulacrum (D:14)
  6 shadows
  9 spriggans
  7 wyverns
  29 yaks
  A hog (shapeshifter) (D:11)
  2 wraiths
  2 vampires (D:12)
  A hog (Swamp:3)
  A human (shapeshifter) (D:15)
  5 basilisks
  14 vampire mosquitoes
  A human (D:13)
  Edmund (D:4)
  12 swamp worms
  2 wargs (Orc:2)
  2 acid dragons (D:15)
  30 water moccasins
  A swamp drake (Swamp:3)
  12 orc warriors
  3 sky beasts
  3 black bears
  5 ice beasts
  8 ogres
  2 necrophages
  11 wolves
  A phantom (D:11)
  15 centaurs
  4 big kobolds
  A gnoll sergeant (D:7)
  29 bullfrogs
  A wyvern skeleton (D:14)
  5 scorpions
  12 killer bees
  3 wights (D:12)
  5 howler monkeys
  An electric eel (Lair:6)
  3 bullfrog zombies
  2 centaur zombies
  4 jellies
  2 bullfrog skeletons
  6 hounds
  9 orc priests
  15 orc wizards
  4 centaur skeletons
  Jessica (D:2)
  5 iguanas
  Ijyb (D:4)
  7 worker ants
  A hound zombie (D:8)
  3 hound skeletons
  2 worker ant zombies
  6 gnolls
  30 adders
  3 shadow imps
  2 white imps
  6 ufetubi
  2 oozes
  An adder skeleton (D:5)
  3 worms
  2 dart slugs
  9 leopard geckos
  53 orcs
  2 bats
  3 giant cockroaches
  3 goblins (D:2)
  3 hobgoblins
  11 jackals
  13 kobolds
  8 quokkas
  A ball python (D:3)
  5 frilled lizards
  A leopard gecko skeleton (D:4)
  2 leopard gecko zombies (D:6)
  5 rats
  A briar patch (Swamp:2)
725 creatures vanquished.

Vanquished Creatures (collateral kills)
  An eleionoma (Swamp:1)
  Harold (Orc:1)
  A hydra (D:15)
  A two-headed ogre (D:13)
  A death yak (Lair:4)
  A bog body (Swamp:4)
  A wizard (D:13)
  A lindwurm (Lair:6)
  A manticore (D:13)
  An orc sorcerer (Orc:2)
  A cyclops (D:11)
  An ugly thing (D:14)
  A black mamba (Lair:1)
  4 cane toads
  A komodo dragon (Lair:2)
  A yaktaur (D:13)
  A yaktaur (shapeshifter) (D:15)
  2 tyrant leeches
  Sigmund (D:4)
  A wyvern (D:8)
  3 spriggans
  3 yaks
  A water moccasin (D:4)
  4 orc warriors
  An ice beast (D:8)
  3 black bears
  A wolf (Lair:6)
  A centaur (D:14)
  A bullfrog (Lair:6)
  A gnoll sergeant (D:9)
  5 gnolls
  3 adders
  2 orcs
  A bat (D:2)
  3 kobolds
  A frilled lizard (D:2)
58 creatures vanquished.

Vanquished Creatures (others)
  A bloated husk (Swamp:2)
  An orc warrior (Orc:2)
  An orc (Orc:2)
  4 bushes (Lair:6)
  6 foxfires
  52 fungi
  147 plants
  11 toadstools (Lair:1)
  2 withered plants (D:14)
225 creatures vanquished.

Grand Total: 1008 creatures vanquished

Notes
Turn   | Place    | Note
-------+----------+-------------------------------------------
     0 | D:1      | vvl the Demonspawn Monk began the quest for the Orb.
     0 | D:1      | Reached XP level 1. HP: 18/18 MP: 1/1
   555 | D:2      | Gained mutation: A weak demonic guardian rushes to your
                  | aid. [demonic ancestry]
   555 | D:2      | Reached XP level 2. HP: 23/24 MP: 2/2
   660 | D:2      | Reached skill level 1 in Necromancy
   789 | D:2      | Reached XP level 3. HP: 23/29 MP: 3/3
   871 | D:2      | Noticed Jessica
   875 | D:2      | Killed Jessica
  1044 | D:2      | Found a faded altar of an unknown god.
  1097 | D:2      | Reached skill level 2 in Necromancy
  1234 | D:2      | Reached XP level 4. HP: 27/35 MP: 4/4
  1235 | D:2      | Reached skill level 1 in Armour
  2180 | D:3      | Gained mutation: You have a pair of small horns on your
                  | head. [demonic ancestry]
  2180 | D:3      | Reached XP level 5. HP: 34/41 MP: 5/5
  3328 | D:4      | Noticed a water moccasin
  3335 | D:4      | Killed a water moccasin
  3336 | D:4      | Reached skill level 3 in Necromancy
  3336 | D:4      | Gained mutation: You are partially covered in sharp spines.
                  | [demonic ancestry]
  3336 | D:4      | Reached XP level 6. HP: 43/48 MP: 6/6
  3434 | D:4      | Noticed Grinder
  3439 | D:4      | Paralysed by Grinder for 2 turns
  3444 | D:4      | Paralysed by Grinder for 3 turns
  3445 | D:4      | Killed Grinder
  3486 | D:4      | Noticed Ijyb
  3492 | D:4      | Noticed Edmund
  3497 | D:4      | Killed Ijyb
  3498 | D:4      | Reached skill level 4 in Necromancy
  3505 | D:4      | Killed Edmund
  3506 | D:4      | Gained mutation: You are partially covered in large bone
                  | plates. (SH +4) [demonic ancestry]
  3506 | D:4      | Reached XP level 7. HP: 38/54 MP: 7/7
  4058 | D:4      | Noticed Sigmund
  4067 | D:4      | Killed Sigmund
  4419 | D:4      | Reached skill level 5 in Long Blades
  4584 | D:5      | Entered Level 5 of the Dungeon
  4685 | D:5      | Found Poxzuo's Jewellery Shop.
  4744 | D:5      | Reached skill level 5 in Necromancy
  4909 | D:5      | Gained mutation: You have a pair of horns on your head.
                  | [demonic ancestry]
  4909 | D:5      | Reached XP level 8. HP: 42/61 MP: 8/8
  5629 | D:6      | Reached skill level 1 in Evocations
  5633 | D:6      | Reached skill level 1 in Spellcasting
  5638 | D:6      | Reached skill level 5 in Fighting
  5703 | D:6      | Reached skill level 6 in Necromancy
  5731 | D:6      | Gained mutation: Your flesh is heat resistant. (rF+)
                  | [demonic ancestry]
  5731 | D:6      | Reached XP level 9. HP: 30/68 MP: 5/11
  6006 | D:6      | Found a staircase to the Ecumenical Temple.
  6374 | Temple   | Entered the Ecumenical Temple
  6570 | Temple   | Became a worshipper of Kikubaaqudgha
  6570 | Temple   | Reached * piety under Kikubaaqudgha
  6570 | Temple   | Identified Kikubaaqudgha's Tome of Necromancy
                  | (Kikubaaqudgha gifted it to you in the Ecumenical Temple)
  6570 | Temple   | Received a gift from Kikubaaqudgha
  6570 | Temple   | Reached ** piety under Kikubaaqudgha
  7050 | D:7      | Reached skill level 5 in Dodging
  7052 | D:7      | Reached skill level 7 in Necromancy
  7525 | D:7      | Found Xaoskuh's Assorted Antiques.
  7539 | D:7      | Bought a scroll labelled BEQ NICRETE for 30 gold pieces
  7539 | D:7      | Bought a scroll labelled ORHA XECAZACIU for 30 gold pieces
  7899 | D:8      | Found a staircase to the Lair.
  7899 | D:8      | Noticed a komodo dragon
  8172 | D:8      | Killed a komodo dragon
  8173 | D:8      | Reached skill level 1 in Shields
  8173 | D:8      | Reached skill level 5 in Evocations
  8402 | D:8      | Found Poz Hito's Book Shoppe.
  8573 | D:8      | Reached *** piety under Kikubaaqudgha
  8573 | D:8      | Identified Kikubaaqudgha's Compendium of Unholy Magic
                  | (Kikubaaqudgha gifted it to you on level 8 of the Dungeon)
  8573 | D:8      | Received a gift from Kikubaaqudgha
  8591 | D:8      | Reached XP level 10. HP: 49/76 MP: 9/14
  9203 | D:8      | Reached skill level 8 in Necromancy
  9370 | D:9      | Noticed Psyche
  9380 | D:9      | Killed Psyche
  9436 | D:9      | Found a blossoming altar of Fedhas.
  9818 | D:10     | Entered Level 10 of the Dungeon
  9829 | D:10     | Reached **** piety under Kikubaaqudgha
  9974 | D:10     | You fall into a shaft and drop 2 floors!
  9990 | D:12     | Found Acum's Antique Weapon Emporium.
 10006 | D:12     | Found Xecitt's General Store.
 10585 | D:12     | Found Xinom's Armour Shoppe.
 10588 | D:12     | Noticed a cyclops
 10594 | D:12     | Killed an unseen horror
 10605 | D:12     | Killed a cyclops
 10606 | D:12     | Reached skill level 5 in Armour
 10713 | D:12     | Found Zujeatt's Book Shoppe.
 10862 | D:12     | Found Qocafum's Antique Armour Emporium.
 11127 | D:12     | Noticed a red ugly thing
 11140 | D:12     | Killed a red ugly thing
 11141 | D:12     | Reached skill level 9 in Necromancy
 11183 | D:12     | Reached XP level 11. HP: 21/83 MP: 6/17
 11582 | D:10     | Found a blossoming altar of Fedhas.
 11677 | D:10     | Found Kazeg's Magic Scroll Boutique.
 11680 | D:10     | Bought a scroll of blinking for 97 gold pieces
 11680 | D:10     | Bought a scroll of enchant armour for 97 gold pieces
 11680 | D:10     | Bought a scroll of fear for 45 gold pieces
 11680 | D:10     | Bought a scroll of immolation for 45 gold pieces
 11680 | D:10     | Bought a scroll of blinking for 97 gold pieces
 11680 | D:10     | Bought a scroll of identify for 26 gold pieces
 11680 | D:10     | Bought a scroll of enchant armour for 97 gold pieces
 11778 | D:10     | Noticed Erica
 11794 | D:10     | Killed Erica
 12216 | D:10     | Found a staircase to the Orcish Mines.
 13006 | D:11     | Found a transporter.
 13008 | D:11     | Noticed Tirrikindir's ghost (novice OpFi)
 13022 | D:11     | Found a transporter.
 13436 | D:11     | Found Ziatt's Armour Shop.
 13437 | D:11     | Noticed a two-headed ogre
 13448 | D:11     | Killed a two-headed ogre
 13998 | D:12     | Bought a +0 hat of see invisible for 176 gold pieces
 14088 | D:13     | Noticed a centaur warrior
 14104 | D:13     | Killed a centaur warrior
 14357 | D:13     | Noticed a red ugly thing
 14386 | D:13     | Killed a red ugly thing
 14680 | D:13     | Noticed Rupert
 14680 | D:13     | Noticed an unseen horror
 14685 | D:13     | Paralysed by Rupert for 4 turns
 14692 | D:13     | Killed an unseen horror
 14708 | D:13     | Killed Rupert
 14709 | D:13     | Reached skill level 10 in Necromancy
 14709 | D:13     | Reached skill level 10 in Evocations
 14709 | D:13     | Reached XP level 12. HP: 15/91 MP: 5/19
 15082 | D:13     | Noticed a vault guard
 15098 | D:13     | Noticed a vault guard
 15132 | D:13     | Reached skill level 5 in Spellcasting
 15135 | D:13     | Reached ***** piety under Kikubaaqudgha
 15288 | D:13     | Noticed a two-headed ogre
 15295 | D:13     | Killed a two-headed ogre
 15514 | D:13     | Found the brooch of Shielding {Spirit SH+8}
 15514 | D:13     | Noticed a boulder beetle
 15514 | D:13     | Noticed an ice dragon
 15875 | Lair:1   | Entered Level 1 of the Lair of Beasts
 16177 | Lair:1   | Reached skill level 1 in Earth Magic
 16410 | Lair:1   | Noticed Maggie
 16420 | Lair:1   | Killed Maggie
 16521 | Lair:1   | Found a runed translucent door.
 18464 | Lair:2   | Noticed a six-headed hydra
 18471 | Lair:2   | Killed a four-headed hydra
 19141 | Lair:3   | Noticed a boulder beetle
 19163 | Lair:3   | Killed a boulder beetle
 19164 | Lair:3   | Reached skill level 5 in Shields
 20337 | Lair:4   | Gained mutation: You are mostly covered in sharp spines.
                  | [demonic ancestry]
 20337 | Lair:4   | Reached XP level 13. HP: 88/98 MP: 19/21
 21164 | Lair:4   | Found a staircase to the Swamp.
 21239 | Lair:4   | Reached skill level 11 in Necromancy
 21541 | Lair:4   | Found a hole to the Spider Nest.
 21883 | Lair:4   | Learned a level 1 spell: Pain
 21889 | Lair:4   | Learned a level 5 spell: Borgnjor's Vile Clutch
 23735 | Lair:6   | Entered Level 6 of the Lair of Beasts
 23735 | Lair:6   | Found a staircase to the Slime Pits.
 23941 | Lair:6   | Reached ****** piety under Kikubaaqudgha
 24805 | Lair:6   | Reached skill level 10 in Long Blades
 25196 | Lair:6   | Gained mutation: You are mostly covered in large bone
                  | plates. (SH +6) [demonic ancestry]
 25196 | Lair:6   | Reached XP level 14. HP: 99/106 MP: 23/23
 25929 | Lair:6   | Learned a level 3 spell: Vampiric Draining
 27377 | Slime:1  | Entered Level 1 of the Pits of Slime
 27377 | Slime:1  | Noticed an azure jelly
 27416 | Lair:6   | an azure jelly changed into an iron troll
 28659 | D:8      | Learned a level 4 spell: Animate Dead
 28662 | D:8      | Learned a level 2 spell: Sublimation of Blood
 28667 | D:8      | Learned a level 4 spell: Dispel Undead
 28674 | D:8      | Learned a level 6 spell: Death Channel
 28911 | D:13     | Found a runed translucent door.
 28966 | D:13     | Reached skill level 5 in Earth Magic
 29020 | D:13     | Reached skill level 12 in Necromancy
 29366 | D:13     | Found a gate to the Vaults.
 29749 | D:13     | Found Ocasom's Weapon Boutique.
 29991 | D:14     | Found a runed translucent door.
 29992 | D:14     | Noticed vvl's ghost (journeyman TrFi)
 31423 | D:14     | Killed vvl's ghost
 31702 | D:15     | Entered Level 15 of the Dungeon
 31727 | D:15     | Gained mutation: You have a pair of large horns on your
                  | head. [demonic ancestry]
 31727 | D:15     | Reached XP level 15. HP: 92/115 MP: 24/24
 33111 | D:15     | Found Fuitwawo's Antique Weapon Boutique.
 33439 | D:15     | Found a staircase to the Depths.
 33523 | D:15     | Reached skill level 10 in Fighting
 34177 | Depths:1 | Entered Level 1 of the Depths
 34196 | Depths:1 | Got a brightly glowing chain mail
 34581 | D:15     | Identified the cursed +1 chain mail of Impermeability
                  | {Int+4} (You found it on level 1 of the Depths)
 34808 | Orc:1    | Entered Level 1 of the Orcish Mines
 34987 | Orc:2    | Entered Level 2 of the Orcish Mines
 35203 | Orc:2    | Found a staircase to the Elven Halls.
 35222 | Orc:2    | Noticed Jorgrun
 35238 | Orc:2    | Killed Jorgrun
 35543 | Orc:2    | Reached skill level 13 in Necromancy
 36746 | Orc:2    | Found Ynek's Weapon Boutique.
 36746 | Orc:2    | Found Cusurr's Assorted Antiques.
 36748 | Orc:2    | Found Hagy's Jewellery Boutique.
 36748 | Orc:2    | Found Fuadoful's Antique Weapon Emporium.
 36817 | Orc:2    | Bought a scroll of identify for 58 gold pieces
 36817 | Orc:2    | Bought a scroll of blinking for 217 gold pieces
 36817 | Orc:2    | Bought a runed plate armour for 754 gold pieces
 36817 | Orc:2    | Bought a scroll of summoning for 275 gold pieces
 36950 | Orc:1    | You fall into a shaft and drop 1 floor!
 37018 | Orc:1    | Found a transporter.
 37019 | Orc:1    | Found a bloodstained altar of Trog.
 37021 | Orc:1    | Noticed Nuexen's ghost (journeyman GnFi)
 37026 | Orc:1    | Found a transporter.
 37032 | Orc:1    | Identified the +9 executioner's axe of Ceshry {vorpal,
                  | +Blink +Rage rElec Int+2}
 37043 | Orc:1    | Noticed Harold
 37060 | Orc:1    | Killed Harold
 37584 | D:11     | Killed Tirrikindir's ghost
 38643 | Swamp:1  | Entered Level 1 of the Swamp
 39761 | Swamp:2  | Noticed a thorn hunter
 40095 | Swamp:1  | HP: 4/117 [thorn hunter/volley of thorns (13)]
 40097 | Swamp:1  | Killed a thorn hunter
 41360 | Swamp:2  | Reached XP level 16. HP: 123/123 MP: 25/25
 42722 | Swamp:3  | Noticed a thorn hunter
 42730 | Swamp:3  | Killed a thorn hunter
 43966 | Swamp:4  | Entered Level 4 of the Swamp
 44081 | Swamp:4  | Reached skill level 14 in Necromancy
 44425 | Swamp:4  | Noticed Kirke
 44426 | Swamp:4  | Noticed the 27-headed Lernaean hydra
 44446 | Swamp:4  | HP: 6/124 [goliath frog (6)]
 44832 | Swamp:4  | Noticed Bai Suzhen
 44860 | Swamp:4  | Killed Bai Suzhen
 44861 | Swamp:4  | Reached skill level 10 in Dodging
 44861 | Swamp:4  | HP: 3/124 [something (7)]
 44862 | Swamp:4  | Mangled by a spriggan rider

Illustrated notes

Levels and vault maps discovered:
D:1:      lemuel_arrival_cross, layout_rooms,
          amcnicky_mini_rare_corridor_liquid, chequers_serial_rivers_room_b,
          minmay_crystal_water, minmay_misc_feat_square
D:2:      layout_loops_ring, chequers_ecumenical_altar_lobes,
          minmay_close_crescents, uniq_jessica
D:3:      layout_basic
D:4:      layout_loops_ring, portal_sewer_entry_f, uniq_ijyb, uniq_sigmund,
          uniq_grinder, uniq_edmund
D:5:      layout_loops_ring, serial_shops, shop
D:6:      layout_loops_ring, minmay_temple_entry_grid
D:7:      layout_rooms, serial_aquarium, aquarium_bridge_straight
          [aquarium_subvault_bridge, aquarium_subvault_wall,
          aquarium_subvault_bridge, aquarium_subvault_window],
          aquarium_bridge_straight [aquarium_subvault_bridge,
          aquarium_subvault_wall, aquarium_subvault_bridge,
          aquarium_subvault_window], aquarium_window_2, aquarium_window_fake,
          aquarium_window_corner, aquarium_view_2e, aquarium_view_2c,
          aquarium_balcony_1b, serial_shops, shop, minmay_manual_mess
D:8:      layout_gridville, david_lair_shrubbed, serial_shops, shop,
          grunt_decor_clamped
D:9:      layout_basic, fedhas_altar_3, uniq_psyche
D:10:     layout_basic, david_orc_2, basic_altar, serial_shops, kennysheep_mini,
          uniq_erica
D:11:     layout_cave_pools, serial_shops, shop_fountains, gammafunk_ghost_arena
D:12:     layout_irregular_city, serial_shops, shop, shop_fountains,
          nicolae_shop_statue_plus, nicolae_shop_behind_doors, shop
D:13:     layout_irregular_city, grunt_vaults_entry_fortified, serial_shops,
          kennysheep_mini_moat, minmay_st_funbox, uniq_rupert
D:14:     layout_basic, gammafunk_ghost_grave
D:15:     hangedman_depths_entry_try_elsewhere_first, layout_loops_ring,
          serial_shops, nicolae_shop_overgrown_old_shop,
          hangedman_decor_opposing, grunt_tough_drop
Temple:   minmay_crystal_snake_temple
Lair:1:   gammafunk_lair_enchanted_lake, layout_small_grid, uniq_maggie
Lair:2:   layout_layer_cave, gauntlet_entry_generic
Lair:3:   layout_chaotic_city, chequers_serial_rivers_small_3, st_stairs_9,
          beast_lair_carwin_5, serial_bayou_shore_a
Lair:4:   lemuel_reptile_caves, layout_cave_shapes, palyth_hydra_swamp_entry,
          spider_nest_entry_rubble, minmay_lair_oklob_chamber,
          grunt_megastairs_1
Lair:5:   layout_misc_corridors
Lair:6:   minmay_lair_end_frog_pond, layout_layer_cave, slime_dummy,
          grunt_forest_large_clearing_hut
Swamp:1:  layout_basic_swamp, evilmike_swamp_ruin_rubble_1
Swamp:2:  layout_basic_swamp, infiniplex_staircase_pool_2, swamp_pool1
Swamp:3:  layout_falls_marsh, nicolae_swamp_dense_foliage, swamp_pool2
Swamp:4:  swamp_vile, layout_basic_swamp, lightli_tree_ring, uniq_bai_suzhen,
          uniq_kirke
Slime:1:  layout_caves
Orc:1:    layout_caves, gammafunk_ghost_wrathful_warriors, uniq_harold
Orc:2:    grunt_orc_tribal_feast, layout_diamond_mine,
          lightli_volcano_entry_magma_tube, uniq_jorgrun
Depths:1: layout_twisted_cross, pan_entry, hangedman_glass_teeth,
          grunt_metal_band, minmay_serpent_palace

Skill      XL: |  1  2  3  4  5  6  7  8  9 10 11 12 13 14 15 16 |
---------------+-------------------------------------------------+-----
Necromancy     | 1 2 3 4 5 6 7 9 10 11 12 13 14 | 14.2
Long Blades    | 3 4 5 6 7 8 10 11 12 | 12.6
Dodging        | 3 4 5 6 7 8 9 10 | 10.0
Armour         | 1 2 3 4 5 6 7 8 9 |  9.5
Fighting       | 4 5 6 7 8 9 10 | 10.9
Evocations     | 1 5 7 10 11 12 | 12.0
Spellcasting   | 1 3 4 5 6 7 |  7.2
Shields        | 1 2 4 5 6 7 8 |  8.6
Earth Magic    | 2 4 5 6 7 |  7.1
Stealth        | |  1.7

Action                   |  1- 3 |  4- 6 |  7- 9 | 10-12 | 13-15 | 16-18 || total
-------------------------+-------+-------+-------+-------+-------+-------++-------
Melee: Hand axe          |    79 |    24 |       |       |       |       ||   103
       Flail             |       |   134 |   294 |   435 |       |       ||   863
       Headbutt          |       |    15 |    67 |   163 |   306 |    63 ||   614
       Scimitar          |       |       |       |   222 |  1034 |   202 ||  1458
       Long sword        |       |       |       |       |   114 |    39 ||   153
Throw: Javelin           |       |       |       |     1 |     3 |       ||     4
 Cast: Borgnjor's Vile C |       |       |       |       |    53 |    29 ||    82
       Sublimation of Bl |       |       |       |       |     4 |     5 ||     9
       Vampiric Draining |       |       |       |       |     1 |     1 ||     2
       Animate Dead      |       |       |       |       |     7 |       ||     7
       Death Channel     |       |       |       |       |     2 |       ||     2
Invok: Receive Corpses   |       |       |       |       |     5 |       ||     5
Evoke: Wand              |       |       |     2 |    27 |    38 |     7 ||    74
       Lightning rod     |       |       |       |       |     2 |       ||     2
  Use: Scroll            |       |       |    11 |     6 |    25 |     4 ||    46
       Potion            |       |       |     1 |     3 |     8 |     2 ||    14
 Stab: Distracted        |       |       |       |     4 |     9 |     3 ||    16
       Paralysed         |       |       |       |    16 |    12 |       ||    28
       Held in net/web   |       |       |       |       |     2 |       ||     2
       Sleeping          |       |       |       |       |     1 |       ||     1
Armor: Chain mail        |    38 |    89 |   150 |     6 |     3 |       ||   286
       Robe              |     2 |       |       |       |       |       ||     2
       Plate armour      |       |       |       |   324 |    33 |       ||   357
       Leather armour    |       |       |       |       |    28 |       ||    28
       Scale mail        |       |       |       |       |    82 |    51 ||   133
       Fire dragon scale |       |       |       |       |     5 |       ||     5
Dodge: Dodged            |    54 |   120 |   192 |   290 |   600 |   167 ||  1423
Block: Other             |       |       |    52 |       |       |       ||    52
       Buckler           |       |       |    34 |   340 |   542 |   143 ||  1059
       Rpst.: Scimitar   |       |       |       |    29 |   144 |    17 ||   190
       Long sword        |       |       |       |       |     9 |     3 ||    12
